 Dungeon Crawl Stone Soup version 0.21-a0-91-ga5031da (webtiles) character file.

3361 KristoblXynda the Carver (level 9, -9/63 HPs)
             Began as a Purple Draconian Berserker on June 29, 2017.
             Was a Priest of Trog.
             Mangled by an ogre
             ... wielding a +0 giant spiked club
              (26 damage)
             ... on level 8 of the Dungeon.
             The game lasted 00:17:59 (8065 turns).

KristoblXynda the Carver (DrBe)                     Turns: 8065, Time: 00:18:00

Health: -9/63      AC:  9    Str: 20    XL:     9   Next: 73%
Magic:  11/11      EV: 15    Int: 10    God:    Trog [***...]
Gold:   234        SH:  0    Dex: 11    Spells: 8/8 levels left

rFire    . . .     SeeInvis +   s - +1 great sword
rCold    . . .     Gourm    +   (shield currently unavailable)
rNeg     + . .     Faith    .   (armour unavailable)
rPois    .         Spirit   .   (helmet restricted)
rElec    .         Reflect  .   (no cloak)
rCorr    .         Harm     .   i - +0 pair of gloves
MR       +....     Clarity  +   q - +0 pair of boots (curse)
Stlth    +++.......             g - amulet of the gourmand
HPRegen  0.20/turn              u - ring of see invisible
MPRegen  0.12/turn              h - ring of positive energy

@: berserk cooldown, slowed, very slow
A: breathe power, unfitting armour, hooves 1, clarity, frail 1, sense
surroundings 2, cold-blooded, AC +7
a: Breathe Dispelling Energy, Berserk, Trog's Hand, Burn Spellbooks, Renounce
Religion


You were on level 8 of the Dungeon.
You worshipped Trog.
Trog was most pleased with you.
You were very full.

You visited 2 branches of the dungeon, and saw 9 of its levels.

You collected 377 gold pieces.
You spent 143 gold pieces at shops.

Inventory:

Hand Weapons
 s - a +1 great sword (weapon)
Missiles
 t - a throwing net (quivered)
Armour
 i - a +0 pair of gloves (worn)
 q - a cursed +0 pair of boots (worn)
Jewellery
 c - an uncursed ring of magical power
 g - an amulet of the gourmand (around neck)
 h - a ring of positive energy (right hand)
 u - a ring of see invisible (left hand)
Wands
 a - a wand of acid (2/15)
 n - a wand of iceblast (8/15)
 v - a wand of digging (14/24)
 x - a wand of lightning (6/15)
Scrolls
 e - 4 scrolls of remove curse
 j - 3 scrolls of recharging
Potions
 d - 2 potions of heal wounds
 m - 3 potions of lignification
 p - 2 potions of curing
 r - a potion of mutation
 w - 2 potions of might
Comestibles
 b - 9 bread rations
 f - 2 meat rations
 k - 5 fruits
 l - 5 chunks of flesh
 o - 3 royal jellies


   Skills:
 - Level 3.2 Fighting
 * Level 10.3 Long Blades
 + Level 6.9 Dodging
 - Level 5.7 Stealth
 + Level 3.2 Evocations


You had 8 spell levels left.
You didn't know any spells.

Dungeon Overview and Level Annotations

Branches:
Dungeon (8/15)             Temple (1/1) D:6
   Lair: D:8-11

Altars:
Ashenzari
Cheibriados
Dithmenos
Hepliaklqana
Kikubaaqudgha
Makhleb
Nemelex Xobeh
Okawaru
Qazlal
Ru
Trog
Uskayaw
Vehumet
Xom
Zin
The Shining One

Shops:
D:5 }*   D:7 [

Annotations:
D:7 Soeti's ghost, novice NaBe


Innate Abilities, Weirdness & Mutations

You can breathe bolts of dispelling energy.
Your rich purple scales are hard. (AC +7)
You cannot fit into any form of body armour.
You are cold-blooded and may be slowed by cold attacks.
You have large cloven feet.
You possess an exceptional clarity of mind.
You are frail. (-10% HP)
You passively map the area around you.


Message History

Trog accepts your kill.
An orc priest comes into view. It is wielding a falchion.
Evoke which item? (* to show all) (? for menu, Esc to quit)
Aiming: Corrosive Bolt
Press: ? - help, Shift-Dir - straight line, f - ogre
Aim: an ogre, wielding a giant spiked club The bolt of acid hits the ogre.
The ogre is splashed with acid.
The acid corrodes the ogre!
The ogre is almost dead.
The bolt of acid hits the orc priest.
The orc priest is splashed with acid.
The acid corrodes the orc priest!
You kill the orc priest!
Trog accepts your kill.
This wand has 2 charges left.
The ogre hits you with a giant spiked club!!
* * * LOW HITPOINT WARNING * * *
You barely miss the ogre. You tail-slap the ogre.
The ogre is almost dead.
The ogre hits you with a giant spiked club!!
You die...

##....#...###..## ,, ,
* ####.###.....#### *
#.# ####.....## * *,
#.# #...###..# * *.#
#.### ##)# , * , * .#
#.# #.# ,* ##. ,,
.#####.#### #.# #.?..*
*
...........###>##..>###
,
####....##@O.).........
#.#########.##.###.. *
#.. ** #.# ,.., , , #.
........)...##,, #,
.######...O## , , * *
#.#.#.. ,, ,,, #$#.# ##
, ,* * #.#.. #.# ##*


You could see an ogre.

Vanquished Creatures
  Pikel (D:4)
  Eustachio (D:5)
  A hungry ghost (D:8)
  Menkaure (D:5)
  2 ice beasts
  4 orc warriors
  A slave (D:3)
  A sky beast (D:6)
  A necrophage (D:5)
  2 phantoms (D:7)
  4 centaurs
  An ogre (D:6)
  4 bullfrogs
  Blork the orc (D:4)
  A howler monkey (D:5)
  A crimson imp (D:5)
  A bullfrog zombie (D:7)
  A centaur zombie (D:6)
  3 hounds
  A jelly (D:7)
  4 orc priests
  A centaur skeleton (D:4)
  An iguana (D:5)
  2 orc wizards
  3 worker ants
  A hound zombie (D:8)
  A hound skeleton (D:4)
  A worker ant zombie (D:5)
  6 adders
  11 gnolls
  An adder zombie (D:7)
  An ooze (D:1)
  6 worms
  A dart slug (D:1)
  A leopard gecko (D:3)
  20 orcs
  A ball python (D:4)
  6 bats
  9 giant cockroaches
  8 goblins
  4 hobgoblins
  7 jackals
  5 quokkas
  4 frilled lizards
  A jackal skeleton (D:5)
  4 kobolds
  2 leopard gecko zombies (D:5)
  A quokka zombie (D:7)
  7 rats
153 creatures vanquished.

Vanquished Creatures (others)
  2 slaves (D:4)
  A worker ant (D:4)
  A jackal (D:4)
4 creatures vanquished.

Grand Total: 157 creatures vanquished

Notes
Turn   | Place    | Note
-------+----------+-------------------------------------------
     0 | D:1      | KristoblXynda the Draconian Berserker began the quest for the Orb.
     0 | D:1      | Reached XP level 1. HP: 19/19 MP: 1/1
    41 | D:1      | Reached XP level 2. HP: 25/26 MP: 2/2
   157 | D:1      | Reached skill level 1 in Stealth
   638 | D:1      | Reached XP level 3. HP: 31/31 MP: 3/3
  1219 | D:2      | Reached skill level 4 in Long Blades
  1267 | D:2      | Reached XP level 4. HP: 25/38 MP: 4/4
  1316 | D:2      | Reached ** piety under Trog
  1360 | D:2      | You fall through a shaft for 2 floors!
  1543 | D:3      | Found an iron altar of Okawaru.
  2174 | D:3      | Found a bloodstained altar of Trog.
  2542 | D:3      | Reached XP level 5. HP: 31/45 MP: 5/5
  3231 | D:4      | Noticed Pikel
  3231 | D:4      | Noticed a slave
  3231 | D:4      | Noticed a slave
  3231 | D:4      | Noticed a slave
  3231 | D:4      | Noticed a slave
  3246 | D:3      | Killed a slave
  3394 | D:4      | Noticed Blork the orc
  3507 | D:4      | Killed Pikel
  3507 | D:4      | Reached skill level 6 in Long Blades
  3507 | D:4      | Reached XP level 6. HP: 9/51 MP: 6/6
  3507 | D:4      | Your scales start taking on a rich purple colour.
  3507 | D:4      | Reached XP level 7. HP: 10/57 MP: 7/7
  3998 | D:4      | Killed Blork the orc
  4160 | D:5      | Entered Level 5 of the Dungeon
  4169 | D:5      | Reached skill level 7 in Long Blades
  4295 | D:5      | Found a shimmering altar of Xom.
  4364 | D:5      | Found Qunnudam's Gadget Emporium.
  4374 | D:5      | Bought a wand of iceblast (9/15) for 143 gold pieces
  4519 | D:5      | Noticed Menkaure
  4530 | D:5      | Killed Menkaure
  4530 | D:5      | Reached skill level 5 in Dodging
  4530 | D:5      | Reached XP level 8. HP: 63/63 MP: 8/8
  4537 | D:5      | Found an iron altar of Okawaru.
  4542 | D:5      | Noticed Eustachio
  5145 | D:5      | Killed Eustachio
  5145 | D:5      | Reached *** piety under Trog
  5178 | D:5      | Reached skill level 8 in Long Blades
  5468 | D:5      | Found Otrogig's Elemental Accessories.
  5549 | D:5      | Reached skill level 5 in Stealth
  6081 | D:6      | Found a staircase to the Ecumenical Temple.
  6094 | Temple   | Entered the Ecumenical Temple
  6240 | D:6      | Reached XP level 9. HP: 37/70 MP: 9/9
  6244 | D:6      | Gained mutation: You possess an exceptional clarity of mind. [mutagenic meat]
  6245 | D:6      | Gained mutation: You are frail. (-10% HP) [mutagenic meat]
  6246 | D:6      | Gained mutation: You passively map a small area around you. [mutagenic meat]
  6247 | D:6      | Gained mutation: You have large cloven feet. [mutagenic meat]
  6249 | D:6      | Gained mutation: You passively map the area around you. [mutagenic meat]
  6518 | D:6      | Reached skill level 9 in Long Blades
  6795 | D:7      | Found Lesite's Antique Armour Shoppe.
  6846 | D:7      | Found a stormy altar of Qazlal.
  6931 | D:7      | Reached skill level 1 in Evocations
  7020 | D:7      | Noticed Soeti's ghost (novice NaBe)
  7690 | D:7      | Found a glowing golden altar of the Shining One.
  7863 | D:7      | Reached skill level 10 in Long Blades
  8065 | D:8      | Mangled by an ogre

Vault maps used:
D:1:      minmay_arrival_solitary_statue
D:2:      first_bread
D:3:      old_standard_altar, okawaru_gym_becter, nicolae_underground_beach
D:4:      serial_glass, glass_columns_b, glass_columns_b, glass_columns_b,
          glass_columns_b, glass_columns_b, glass_columns_c, item_on_display_a,
          uniq_pikel, uniq_blork_the_orc
D:5:      xom_butterflies, serial_shops, nicolae_shop_window_shopping,
          basic_altar, nicolae_elemental_shop, uniq_menkaure, uniq_eustachio
D:6:      minmay_temple_entry_purple_smoke
D:7:      marbit_many_paths, nicolae_qazlal_style_of_elements, serial_shops,
          nicolae_shop_stone, kennysheep_small_square
D:8:      nicolae_overflow_hidden_temple, basic_altar, serial_glass,
          glass_columns_a, glass_columns_c
Temple:   jpeg_temple_clearing

Skill      XL: |  1  2  3  4  5  6  7  8  9 |
---------------+----------------------------+-----
Stealth        | 1 2 3 4 5 |  5.7
Dodging        | 3 4 5 6 |  6.9
Long Blades    | 4 6 7 8 10 | 10.3
Evocations     | 3 |  3.2
Fighting       | |  3.2

Action                   |  1- 3 |  4- 6 |  7- 9 || total
-------------------------+-------+-------+-------++-------
Melee: Falchion          |    92 |   146 |   145 ||   383
       Tailslap          |    10 |    25 |    44 ||    79
       Great sword       |       |       |   153 ||   153
Invok: Berserk           |       |     3 |    11 ||    14
Evoke: Wand              |       |       |     2 ||     2
  Use: Scroll            |       |       |    17 ||    17
 Stab: Sleeping          |     2 |     4 |     9 ||    15
       Distracted        |       |       |     1 ||     1
  Eat: Chunk             |     1 |     6 |    40 ||    47
       Royal jelly       |       |     2 |       ||     2
       Meat ration       |       |       |     1 ||     1
Armor: Skin              |    26 |    37 |   128 ||   191
Dodge: Dodged            |    73 |    92 |   381 ||   546
       Rpst.: Falchion   |    26 |    28 |    61 ||   115
       Great sword       |       |       |    50 ||    50
